 Dungeon Crawl Stone Soup version 0.30-a0-568-g124715a40b (webtiles) character file.

Game seed: 16808345419388088542

55 Jase the Sneak (level 4, -2/26 HPs)
             Began as a Kobold Brigand on Dec 28, 2022.
             Killed from afar by Natasha (4 damage)
             ... with a magic dart
             ... on level 2 of the Dungeon.
             The game lasted 00:01:40 (659 turns).

Jase the Sneak (Kobold Brigand)                      Turns: 659, Time: 00:01:41

Health: -2/26      AC:  4    Str:  8    XL:     4   Next: 14%
Magic:  4/4        EV: 15    Int: 12    God:
Gold:   44         SH:  0    Dex: 18    Spells: 3/3 levels left

rFire   . . .      SeeInvis .    a - +2 dagger
rCold   . . .      Faith    .    (no shield)
rNeg    . . .      Spirit   .    n - +0 robe
rPois   .          Reflect  .    (no helmet)
rElec   .          Harm     .    c - +0 cloak
rCorr   .          Rampage  .    (no gloves)
Will    .....                    h - +0 pair of boots
Stlth   ++++                     j - amulet of magic regeneration
HPRegen 0.24/turn                (no ring)
MPRegen 0.49/turn                (no ring)

@: slowed, very slow
A: small, no large weapons, nightstalker 3
a: no special abilities


You were on level 2 of the Dungeon.
You visited 1 branch of the dungeon, and saw 2 of its levels.

You collected 44 gold pieces.

Inventory:

Hand Weapons
 a - a +2 dagger (weapon)
 b - a +0 rapier
Missiles
 d - 9 poisoned darts (quivered)
 e - 3 curare-tipped darts
 f - 7 stones
 m - 4 boomerangs
Armour
 c - a +0 cloak (worn)
 h - a +0 pair of boots (worn)
 n - a +0 robe (worn)
Jewellery
 j - an amulet of magic regeneration (around neck)
Scrolls
 g - a scroll of vulnerability {unknown}
 i - a scroll of teleportation {unknown}
 l - a scroll of enchant weapon {unknown}
 o - a scroll of amnesia {unknown}
Potions
 p - a potion of haste {unknown}
 q - a potion of heal wounds {unknown}


   Skills:
 - Level 2.1 Fighting
 + Level 3.8 Short Blades
 - Level 2.1 Throwing
 + Level 2.6 Dodging
 + Level 6.1 Stealth


You had 3 spell levels left.
You didn't know any spells.
Your spell library contained the following spells:

 Spells                   Type           Power      Damage    Failure   Level
 Slow                     Hex            0%         N/A       32%         1
 Confusing Touch          Hex            0%         N/A       69%         3
 Vampiric Draining        Necr           0%         2d6       69%         3


Dungeon Overview and Level Annotations

Branches:
Dungeon (2/15)

Altars:

Annotations:
D:2 Natasha


Innate Abilities, Weirdness & Mutations

You are small and have problems with some larger weapons.
You are completely attuned to the shadows.


Message History

Natasha is moderately wounded.
Natasha claws you but does no damage.
The dart slug briefly extends its eye-stalks.
The goblin closely misses you.
You hit Natasha but do no damage.
Natasha is moderately wounded.
Natasha casts a spell.
The goblin closely misses you.
You closely miss Natasha.
Natasha is moderately wounded.
Natasha claws you.
You hit Natasha.
Natasha is heavily wounded.
The goblin no longer looks unusually strong.
The goblin misses you.
You hit Natasha.
Natasha is heavily wounded.
Natasha misses you. The goblin misses you.
You barely miss Natasha.
Natasha is heavily wounded.
The hobgoblin no longer looks unusually strong.
Natasha closely misses you. The goblin hits you but does no damage.
You hit Natasha.
Natasha is almost dead.
Natasha stares at you and mumbles some strange words.
You feel yourself slow down. The goblin hits you with a +0 club.
You hit Natasha but do no damage.
Natasha is almost dead.
Natasha completely misses you. The goblin barely misses you.
You hit Natasha but do no damage.
Natasha is almost dead.
Natasha closely misses you. The goblin hits you with a +0 club.
You hit Natasha but do no damage.
Natasha is almost dead.
Natasha claws you!
* * * LOW HITPOINT WARNING * * *
The goblin barely misses you.
Natasha stares at you and mumbles some strange words.
The magic dart hits you.
You die...

######## #......#
#########.....)######
.............()g@hgg.
#########......###S5.
#......# w. #......#
< ##.#####


You could see Natasha, a crimson imp (summoned), an adder, a dart slug, a
hobgoblin and 2 goblins.

Vanquished Creatures
  Robin (D:2)
  A dart slug (D:1)
  2 endoplasms
  2 giant cockroaches (D:1)
  9 goblins
  5 hobgoblins
  2 jackals (D:1)
  4 kobolds (D:1)
  2 quokkas (D:1)
  A ball python (D:1)
  2 bats (D:1)
  2 frilled lizards
  3 rats (D:1)
36 creatures vanquished.

Notes
Turn   | Place    | Note
-------+----------+-------------------------------------------
     0 | D:1      | Jase the Kobold Brigand began the quest for the Orb.
     0 | D:1      | Reached XP level 1. HP: 12/12 MP: 1/1
    60 | D:1      | Reached XP level 2. HP: 17/17 MP: 2/2
   276 | D:1      | Reached XP level 3. HP: 21/21 MP: 3/3
   593 | D:2      | Noticed Robin
   612 | D:2      | Reached skill level 6 in Stealth
   627 | D:2      | Noticed Natasha
   645 | D:2      | Killed Robin
   646 | D:2      | Reached XP level 4. HP: 20/26 MP: 4/4
   659 | D:2      | Killed from afar by Natasha

Illustrated notes

Levels and vault maps discovered:
D:1:      psy_arrival_terrarium, layout_rooms
D:2:      layout_rooms, uniq_natasha, uniq_robin

Skill      XL: |  1  2  3 |
---------------+----------+-----
Short Blades   | 3 |  3.8
Dodging        | 2 |  2.6
Stealth        | 6 |  6.1
Fighting       | |  2.1
Throwing       | |  2.1

Action                   |  1- 3 |  4- 6 || total
-------------------------+-------+-------++-------
Melee: Dagger            |   105 |    14 ||   119
       Punch             |     2 |       ||     2
  Use: Potion            |     1 |       ||     1
 Stab: Sleeping          |    15 |       ||    15
Armor: Robe              |    22 |     4 ||    26
Dodge: Dodged            |    59 |    12 ||    71

Table legend: (Time is in decaauts)
 A = Elapsed time spent in this place.
 B = Non-inter-level travel time spent in this place.
 C = Inter-level travel time spent in this place.
 D = Time resting spent in this place.
 E = Time spent auto-exploring this place.
 F = Levels seen in this place.
 G = Mean time per level.
                   A        B        C        D        E       F      G
               +--------+--------+--------+--------+--------+-----+--------+
         Total |    640 |    601 |     39 |      0 |    382 |   2 |  320.0 |
       Dungeon |    640 |    601 |     39 |      0 |    382 |   2 |  320.0 |
               +--------+--------+--------+--------+--------+-----+--------+

Top non-repeatable levels by time:
     D:1: 521 daAuts
     D:2: 118 daAuts
